 Dungeon Crawl Stone Soup version 0.31-a0-835-g2a3a5bc3be (webtiles) character file.

Game seed: 15917341437632273066

3262 BinkBink the Thaumaturge (level 9, -3/45 HPs)
             Began as a Deep Elf Summoner on Sept 26, 2023.
             Was an Initiate of Sif Muna.
             Shot with an arrow by a centaur (16 damage)
             ... on level 8 of the Dungeon.
             The game lasted 01:06:04 (8665 turns).

BinkBink the Thaumaturge (Deep Elf Summoner)        Turns: 8665, Time: 01:06:04

Health: -3/45      AC:  4    Str:  5    XL:     9   Next: 68%
Magic:  18/27      EV: 13    Int: 25    God:    Sif Muna [......]
Gold:   199        SH:  0    Dex: 15    Spells: 21/33 levels left

rFire   . . .        g - +3 dagger (drain)
rCold   . . .        (no shield)
rNeg    . . .        a - +0 robe
rPois   .            (no helmet)
rElec   .            p - +0 cloak
rCorr   .            c - +0 pair of gloves
SInv    .            (no boots)
Will    .....        (no amulet)
Stlth   ++           (no ring)
HPRegen 0.27/turn    (no ring)
MPRegen 0.20/turn

%: no passive effects
@: no status effects
A: no striking features
a: Renounce Religion


You were on level 8 of the Dungeon.
You worshipped Sif Muna.
Sif Muna was noncommittal.
You visited 2 branches of the dungeon, and saw 9 of its levels.

You collected 430 gold pieces.
You spent 231 gold pieces at shops.

Inventory:

Hand Weapons
 g - a +3 dagger of draining (weapon)
 m - the +6 shillelagh "Devastator" {shatter}
   (You found it on level 3 of the Dungeon)
 v - a +2 whip of flaming
 D - a +4 quarterstaff of chaos
Missiles
 z - 2 throwing nets
Armour
 a - a +0 robe (worn)
 c - a +0 pair of gloves (worn)
 p - a +0 cloak (worn)
 w - a scarf of repulsion
 B - an orb of guile
Jewellery
 s - a ring of resist corrosion
Talismans
 j - a beast talisman
Wands
 q - a wand of iceblast (6)
 C - a wand of polymorph (5)
Scrolls
 d - 10 scrolls of identify
 i - a scroll of amnesia {unknown}
 k - a scroll of teleportation {unknown}
 l - 4 scrolls of enchant armour
 n - a scroll of fear {unknown}
 o - a scroll of enchant weapon {unknown}
 r - 2 scrolls of fog {unknown}
 x - a scroll of noise
 y - a scroll of immolation {unknown}
Potions
 b - a potion of magic
 e - 2 potions of heal wounds
 f - a potion of ambrosia {unknown}
 h - a potion of invisibility
 t - 3 potions of mutation {unknown}
 u - a potion of haste {unknown}
 A - a potion of degeneration {unknown}


   Skills:
 - Level 2.8 Dodging
 - Level 2.8 Stealth
 * Level 12.8 Spellcasting
 + Level 9.0 Summonings
 + Level 6.9 Translocations


You had 21 spell levels left.
You knew the following spells:

 Your Spells              Type           Power      Damage    Failure   Level
a - Summon Small Mammal   Summ           100%       N/A       1%          1
b - Call Imp              Summ           100%       N/A       1%          2
c - Call Canine Familiar  Summ           57%        N/A       1%          3
d - Blink                 Tloc           100%       N/A       1%          2
e - Summon Lightning Spi  Summ/Air       38%        N/A       6%          4

Your spell library contained the following spells:

 Spells                   Type           Power      Damage    Failure   Level
 Lesser Beckoning         Tloc           100%       N/A       1%          2
 Momentum Strike          Conj/Tloc      66%        3d9       1%          2
 Summon Guardian Golem    Hex/Summ       38%        N/A       1%          3
 Mephitic Cloud           Conj/Pois/Air  16%        N/A       11%         3
 Silence                  Hex/Air        8%         N/A       71%         5


Dungeon Overview and Level Annotations

Branches:
Dungeon (8/15)             Temple (1/1) D:7
   Lair: D:8-11

Altars:
Ashenzari
Cheibriados
Elyvilon
Fedhas
Gozag
Hepliaklqana
Kikubaaqudgha
Makhleb
Nemelex Xobeh
Okawaru
Qazlal
Ru
Sif Muna
Trog
Uskayaw
Vehumet
Wu Jian
Xom
Yredelemnul
The Shining One

Shops:
D:2 (   D:3 :   D:5 (*

Annotations:
D:6 3 runed translucent doors, ouz's ghost, novice DsFi


Message History

What level of the Dungeon? (default 7, ? - help) You're already here!
What level of the Dungeon? (default 7, ? - help)
There is an open translucent door here.
Things that are here:
a +0 cloak; the gnoll corpse of Crazy Yiuf
There is an open door here.
There is a stone staircase leading down here.
You climb downwards.
Found 16 gold pieces and a scroll of identify.
There is a stone staircase leading up here.
You now have 199 gold pieces (gained 16).
There is a stone staircase leading up here.
d - 10 scrolls of identify (gained 1)
Found a rapier.
This spell is dangerous to cast!
You start memorising the spell.
You continue memorising. x4
You finish memorising.
Spell assigned to 'e'.
Found a morningstar.
A centaur comes into view.
Casting: Summon Small Mammal (safe; 1% risk of failure)
Confirm with . or Enter, or press ? or * to list all spells.
An electric hum fills the air.
The centaur shouts!
The centaur wields a +0 shortbow.
The centaur shoots an arrow.
The arrow closely misses you. The arrow hits your lightning spire!
Casting: Summon Lightning Spire (dangerous; 6% risk of failure)
Confirm with . or Enter, or press ? or * to list all spells.
Casting: Call Canine Familiar (safe; 1% risk of failure)
Confirm with . or Enter, or press ? or * to list all spells.
A tiny devil pulls itself out of the air.
The centaur shoots an arrow.
The arrow hits you!
The centaur shoots an arrow.
The arrow hits you.
Casting: Call Imp (safe; 1% risk of failure)
Confirm with . or Enter, or press ? or * to list all spells.
The centaur shoots an arrow.
The arrow hits you!
The centaur shoots an arrow.
The arrow hits you!
* * * LOW HITPOINT WARNING * * *
The centaur shoots an arrow.
The arrow hits you!
You die...

...#.####........#.#.......
#...#.#
##.......##.#.....#.
#......
....................
#..##.#
##........#.#....... ...
#.# ..........#.#.######
#### .. ..........#.#.##
#........#.....
#..............
#.....@.###.... #....8r.#
.... #...............
#.......5.h.c...
................
................
.#..#####...#### ... ....
## .....


You could see a centaur (ally target), a friendly wolf (summoned), a friendly
lightning spire (summoned), a friendly cerulean imp (summoned) and a friendly
quokka (summoned).

Vanquished Creatures (collateral kills)
  Pikel (D:4)
  A cyclops (D:7)
  Sigmund (D:4)
  A steam dragon (D:7)
  Menkaure (D:6)
  A water moccasin (D:7)
  A sky beast (D:7)
  2 ice beasts (D:5)
  2 black bears (D:6)
  An ogre (D:5)
  A phantom (D:5)
  4 lemures (D:4)
  A kobold brigand (D:7)
  A bullfrog (D:6)
  A gnoll sergeant (D:5)
  3 scorpions
  6 killer bees (D:7)
  2 howler monkeys
  5 hounds
  3 jellies
  Crazy Yiuf (D:7)
  2 iguanas
  Ijyb (D:4)
  11 adders
  10 gnolls
  A river rat (D:6)
  A worm (D:6)
  2 dart slugs
  8 orcs
  9 endoplasms
  4 giant cockroaches
  11 goblins
  8 hobgoblins
  7 jackals
  12 kobolds
  7 quokkas
  2 ball pythons
  6 bats
  6 frilled lizards
  10 rats
158 creatures vanquished.

Notes
Turn   | Place    | Note
-------+----------+-------------------------------------------
     0 | D:1      | BinkBink the Deep Elf Summoner began the quest for the Orb.
     0 | D:1      | Reached XP level 1. HP: 10/10 MP: 6/6
   269 | D:1      | Reached XP level 2. HP: 15/15 MP: 6/8
   717 | D:1      | Learned a level 2 spell: Call Imp
   731 | D:2      | Found Ocidou's Antique Weapon Emporium.
   774 | D:2      | Reached XP level 3. HP: 5/19 MP: 5/10
   860 | D:2      | Reached skill level 4 in Spellcasting
  1069 | D:2      | Reached skill level 5 in Summonings
  1655 | D:2      | Learned a level 3 spell: Call Canine Familiar
  1696 | D:3      | Reached XP level 4. HP: 24/24 MP: 4/12
  1817 | D:3      | Found the +6 shillelagh "Devastator" {shatter}
  2198 | D:3      | Found a faded altar of an unknown god.
  2947 | D:3      | Found Kauth's Book Shoppe.
  2994 | D:3      | Bought a book of Spatial Translocations for 198 gold pieces
  2997 | D:3      | Learned a level 2 spell: Blink
  3183 | D:4      | Reached skill level 5 in Spellcasting
  3242 | D:4      | Noticed Ijyb
  3265 | D:4      | Killed Ijyb
  3266 | D:4      | Reached XP level 5. HP: 28/28 MP: 6/14
  3492 | D:4      | Noticed a lemure
  3495 | D:4      | Noticed Pikel
  3496 | D:4      | Noticed a lemure
  3503 | D:4      | Noticed a lemure
  3600 | D:4      | Noticed a lemure
  3715 | D:4      | Reached skill level 1 in Translocations
  4033 | D:4      | Noticed Sigmund
  4051 | D:4      | Killed Sigmund
  4052 | D:4      | Reached skill level 6 in Spellcasting
  4052 | D:4      | Reached XP level 6. HP: 32/32 MP: 9/17
  4926 | D:4      | Killed Pikel
  4927 | D:4      | Reached skill level 8 in Spellcasting
  4927 | D:4      | Reached XP level 7. HP: 36/36 MP: 9/21
  4959 | D:5      | Entered Level 5 of the Dungeon
  4999 | D:5      | Got a humming book
  5119 | D:5      | Found Voigeff's Weapon Emporium.
  5126 | D:5      | Reached skill level 9 in Spellcasting
  5126 | D:5      | Reached XP level 8. HP: 41/41 MP: 18/23
  5345 | D:5      | Found a basalt altar of Yredelemnul.
  5603 | D:5      | Found Samelous's General Store.
  5608 | D:5      | Bought a scroll of identify for 22 gold pieces
  5608 | D:5      | Bought a scroll of noise for 11 gold pieces
  5936 | D:5      | Reached skill level 10 in Spellcasting
  6134 | D:6      | Reached skill level 5 in Translocations
  6176 | D:6      | Found a runed translucent gate.
  6177 | D:6      | Found a runed translucent gate.
  6177 | D:6      | Found an opulent altar of Gozag.
  6178 | D:6      | Found a runed translucent gate.
  6180 | D:6      | Noticed ouz's ghost (novice DsFi)
  6180 | D:6      | Noticed a kobold demonologist
  6180 | D:6      | You fall into a shaft and drop 1 floor!
  6327 | D:7      | Noticed a cyclops
  6383 | D:7      | Found a runed translucent door.
  6384 | D:7      | Noticed Crazy Yiuf
  6449 | D:6      | Noticed Menkaure
  6723 | D:6      | Reached skill level 11 in Spellcasting
  6754 | D:6      | Reached XP level 9. HP: 45/45 MP: 20/26
  7096 | D:6      | Killed Menkaure
  7552 | D:7      | Found a staircase to the Ecumenical Temple.
  7584 | Temple   | Entered the Ecumenical Temple
  7641 | Temple   | Became a worshipper of Sif Muna the Loreminder
  7840 | D:7      | Reached skill level 12 in Spellcasting
  8285 | D:7      | Killed a cyclops
  8549 | D:7      | Killed Crazy Yiuf
  8634 | D:8      | Learned a level 4 spell: Summon Lightning Spire
  8665 | D:8      | Shot with an arrow by a centaur

Illustrated notes

Levels and vault maps discovered:
D:1:      wheals_arrival_shading, layout_rooms, minmay_circled_x
D:2:      layout_rooms, serial_shops, nicolae_shop_dealshenge,
          kennysheep_generic_room_6
D:3:      layout_basic, hellmonk_ecumenical_altar_zigzags, serial_shops,
          nicolae_shop_just_a_little_nook, st_stairs_13,
          small_statue_intersection, grunt_ministairs_13, glass_columns_a
D:4:      nicolae_cairo_tiling_large_dashed, layout_basic, uniq_ijyb,
          uniq_pikel, uniq_sigmund
D:5:      layout_basic, amcnicky_altar_gilded, serial_shops, shop, shop
D:6:      layout_basic, ebering_ghost_gozag, gup_sewer_entry_bubbles,
          uniq_menkaure
D:7:      layout_gridville, minmay_temple_entry_mist, uniq_crazy_yiuf_cottage
D:8:      layout_basic, dpeg_oklobed_lair, kennysheep_doodads
Temple:   compressed_dpeg_triangle_lava_temple

Skill      XL: |  1  2  3  4  5  6  7  8  9 |
---------------+----------------------------+-----
Spellcasting   | 4 5 6 8 9 11 12 | 12.8
Summonings     | 5 6 7 8 9 |  9.0
Translocations | 2 3 4 5 6 |  6.9
Dodging        | |  2.8
Stealth        | |  2.8

Action                     |  1- 3 |  4- 6 |  7- 9 || total
---------------------------+-------+-------+-------++-------
  Melee: Dagger            |       |       |     1 ||     1
   Cast: Summon Small Mamm |    63 |    67 |    75 ||   205
         Call Imp          |    19 |    37 |    43 ||    99
         Call Canine Famil |     2 |    35 |    49 ||    86
         Blink             |       |     1 |     2 ||     3
         Summon Lightning  |       |       |     1 ||     1
    Use: Potion            |       |       |     3 ||     3
         Scroll            |       |       |     1 ||     1
 Armour: Robe              |    25 |    11 |    39 ||    75
  Dodge: Dodged            |    45 |    21 |    49 ||   115

Table legend: (Time is in decaauts)
 A = Elapsed time spent in this place.
 B = Non-inter-level travel time spent in this place.
 C = Inter-level travel time spent in this place.
 D = Time resting spent in this place.
 E = Time spent auto-exploring this place.
 F = Levels seen in this place.
 G = Mean time per level.
                   A        B        C        D        E       F      G
               +--------+--------+--------+--------+--------+-----+--------+
         Total |   8714 |   8595 |    119 |    104 |   5770 |   9 |  968.2 |
       Dungeon |   8637 |   8518 |    119 |    104 |   5770 |   8 | 1079.6 |
        Temple |     76 |     76 |      0 |      0 |      0 |   1 |   76.0 |
               +--------+--------+--------+--------+--------+-----+--------+

Top non-repeatable levels by time:
     D:4: 1769 daAuts
     D:3: 1509 daAuts
     D:7: 1388 daAuts
     D:5: 1316 daAuts
     D:6: 925 daAuts
     D:2: 887 daAuts
     D:1: 792 daAuts
  Temple: 76 daAuts
     D:8: 48 daAuts
